 Dungeon Crawl Stone Soup version 0.30-b1-2-g02819fbbbe (webtiles) character file.

Game seed: 1083818638654751454

1560 LLlMATKO the Trooper (level 8, 0/106 HPs)
             Began as a Minotaur Berserker on May 9, 2023.
             Was a Priest of Trog.
             Succumbed to a gnoll sergeant's poison
             ... on level 5 of the Dungeon.
             The game lasted 00:03:47 (4099 turns).

LLlMATKO the Trooper (Minotaur Berserker)           Turns: 4099, Time: 00:03:48

Health: 0/106      AC: 10    Str: 23    XL:     8   Next: 58%
Magic:  7/7        EV: 12    Int:  4    God:    Trog [***...]
Gold:   201        SH: 10    Dex: 17    Spells: 7/7 levels left

rFire   . . .        x - +0 war axe
rCold   . . .        e - +0 kite shield
rNeg    . . .        p - +0 scale mail
rPois   .            (helmet restricted)
rElec   .            f - +0 cloak
rCorr   .            m - +0 pair of gloves
SInv    .            (no boots)
Will    .....        (no amulet) Stlth
                     v - +6 ring of dexterity
HPRegen 0.37/turn    (no ring)
MPRegen 0.10/turn

%: no passive effects
@: berserking (expiring), lethally poisoned (0 -> -1), very quick
A: horns 2, retaliatory headbutt
a: Renounce Religion, Berserk, Trog's Hand


You were on level 5 of the Dungeon.
You worshipped Trog.
Trog was most pleased with you.
You visited 1 branch of the dungeon, and saw 5 of its levels.

You collected 201 gold pieces.

Inventory:

Hand Weapons
 x - a +0 war axe (weapon)
Armour
 e - a +0 kite shield (worn)
 f - a +0 cloak (worn)
 m - a +0 pair of gloves (worn)
 p - a +0 scale mail (worn)
Jewellery
 v - a +6 ring of dexterity (left hand)
Wands
 r - a wand of quicksilver (1)
 A - a wand of flame (9)
Scrolls
 a - a scroll of blinking {unknown}
 c - a scroll of magic mapping {unknown}
 g - a scroll of brand weapon {unknown}
 h - 5 scrolls of identify {unknown}
 i - 2 scrolls of enchant armour {unknown}
 k - a scroll of fog {unknown}
 l - a scroll of fear {unknown}
 s - a scroll of noise {unknown}
 t - 2 scrolls of teleportation {unknown}
 y - a scroll of amnesia {unknown}
Potions
 b - 3 potions of curing {unknown}
 d - 2 potions of heal wounds {unknown}
 j - 4 potions of brilliance {unknown}
 n - 2 potions of degeneration {unknown}
 o - a potion of resistance {unknown}
 q - a potion of berserk rage {unknown}
 u - a potion of mutation {unknown}
 w - a potion of haste {unknown}
 z - a potion of might {unknown}


   Skills:
 + Level 6.9 Fighting
 + Level 6.8 Axes
 + Level 6.2 Armour
 + Level 5.7 Dodging
 + Level 5.4 Shields


You had 7 spell levels left.
You didn't know any spells.
Your spell library was empty.

Dungeon Overview and Level Annotations

Branches:
Dungeon (5/15)
 Temple: D:4-7

Altars:
Fedhas
Kikubaaqudgha


Innate Abilities, Weirdness & Mutations

You have a pair of horns on your head.
You reflexively headbutt those who attack you in melee.


Message History

You closely miss the lemure. You hit the lemure. You closely miss the lemure.
You hit the lemure but do no damage.
You feel sick. Pikel closely misses you. The lemure misses you.
You block the lemure's attack.
The lemure closely misses you. x2; You furiously retaliate!
You headbutt the lemure! You slash Pikel! Your headbutt misses Pikel.
Pikel is severely wounded.
You slash the lemure! x2
You kill the lemure!
That felt strangely unrewarding.
You closely miss the lemure. x2
You feel sick. You block Pikel's attack. The lemure barely misses you.
The lemure hits you.
* * * LOW HITPOINT WARNING * * *
The lemure closely misses you.
You hit Pikel.
Pikel is almost dead.
You hit the lemure. You slash the lemure! x2
You kill the lemure!
That felt strangely unrewarding.
You feel sick. The lemure hits you but does no damage.
Pikel hits you with a +0 whip of electrocution.
* * * LOW HITPOINT WARNING * * *
You block the lemure's attack.
You slice Pikel!!
You kill Pikel!
Trog accepts your kill.
You hit the lemure. You closely miss the lemure.
With Pikel's spell broken, his former minions thank you for their freedom.
The lemure departs this earthly plane. x2
* * * LOW HITPOINT WARNING * * *
You feel sick.
Your Armour skill increases to level 6!
Your Shields skill increases to level 5!
You are too berserk!
You are too berserk!
You feel a strong urge to attack something.
* * * LOW HITPOINT WARNING * * *
You feel sick.
You are too berserk!
You die...

#..........#
...###..........#
................#
................#
.........)§)...#
......#..§)§...##
...........§....#
................# #
.......@........# #
................# #
...#............# #
....#..........## #
#.............##########
## #.......#...##.......
###.............######
.##..........#.....#####
....#.###))..#...#.#....


There were no monsters in sight!

Vanquished Creatures
  Pikel (D:5)
  Grinder (D:3)
  Sigmund (D:3)
  Duvessa (D:4)
  2 lemures (D:5)
  A gnoll sergeant (D:5)
  A scorpion (D:4)
  Dowan (D:4)
  Crazy Yiuf (D:3)
  2 orc priests (D:5)
  Jessica (D:3)
  3 iguanas
  Natasha (thrice) (D:3)
  5 gnolls (D:5)
  4 adders
  3 worms
  3 dart slugs
  10 orcs (D:5)
  3 endoplasms
  8 goblins
  8 hobgoblins
  7 jackals (D:1)
  3 quokkas
  5 ball pythons
  5 bats
  6 frilled lizards
  7 kobolds
  7 rats
103 creatures vanquished.

Notes
Turn   | Place    | Note
-------+----------+-------------------------------------------
     0 | D:1      | LLlMATKO the Minotaur Berserker began the quest for the
                  | Orb.
     0 | D:1      | Reached XP level 1. HP: 19/19 MP: 0/0
   268 | D:1      | Reached XP level 2. HP: 23/27 MP: 1/1
   697 | D:1      | Found a faded altar of an unknown god.
   808 | D:1      | Reached ** piety under Trog
   809 | D:1      | Reached XP level 3. HP: 33/33 MP: 2/2
  1057 | D:2      | Reached skill level 1 in Shields
  1456 | D:2      | Reached XP level 4. HP: 40/40 MP: 3/3
  1546 | D:3      | Noticed Sigmund
  1557 | D:3      | Noticed Grinder
  1560 | D:3      | Killed Sigmund
  1561 | D:3      | Reached XP level 5. HP: 47/47 MP: 4/4
  1595 | D:3      | Paralysed by Grinder for 3 turns
  1601 | D:3      | Killed Grinder
  1602 | D:3      | Reached skill level 5 in Fighting
  1602 | D:3      | Reached skill level 5 in Axes
  1602 | D:3      | Reached XP level 6. HP: 53/56 MP: 5/5
  1892 | D:3      | Found a runed translucent door.
  1893 | D:3      | Noticed Crazy Yiuf
  2143 | D:3      | Noticed Natasha
  2150 | D:3      | Killed Natasha
  2155 | D:3      | Reached *** piety under Trog
  2198 | D:3      | Noticed Jessica
  2206 | D:3      | Killed Jessica
  2207 | D:3      | Reached XP level 7. HP: 55/61 MP: 6/6
  2268 | D:3      | Noticed Natasha
  2269 | D:3      | Killed Natasha
  2396 | D:3      | Killed Crazy Yiuf
  2505 | D:3      | Noticed Natasha
  2512 | D:3      | Killed Natasha
  3202 | D:4      | Noticed Duvessa
  3202 | D:4      | Noticed Dowan
  3216 | D:4      | Killed Dowan
  3217 | D:4      | Killed Duvessa
  3218 | D:4      | Reached skill level 5 in Armour
  3665 | D:4      | Found a blossoming altar of Fedhas.
  3668 | D:4      | Found an ancient bone altar of Kikubaaqudgha.
  3816 | D:5      | Entered Level 5 of the Dungeon
  4080 | D:5      | Noticed Pikel
  4087 | D:5      | Reached skill level 5 in Dodging
  4089 | D:5      | Reached XP level 8. HP: 42/70 MP: 7/7
  4095 | D:5      | HP: 2/105 [Pikel/+0 whip of electrocution (6)]
  4096 | D:5      | Killed Pikel
  4097 | D:5      | Reached skill level 5 in Shields
  4099 | D:5      | Succumbed to a gnoll sergeant's poison

Illustrated notes

Levels and vault maps discovered:
D:1:      amcnicky_arrival_single_pillar, layout_loops_ring,
          shapermc_ecumenical_altar_mp_highgroup, minmay_misc_feat_five,
          minmay_pentomino_v4
D:2:      layout_basic, minmay_misc_feat_room, minivault_19, minmay_door_square
D:3:      layout_loops_ring, chequers_serial_rivers_room_a, nicolae_half_adder,
          uniq_grinder, uniq_crazy_yiuf_cottage, uniq_jessica, uniq_natasha,
          uniq_sigmund
D:4:      layout_gridville, grunt_temple_overflow_growth_and_decay, uniq_duvessa
D:5:      layout_rooms, dk_noncrumbling_3, uniq_pikel

Skill      XL: |  1  2  3  4  5  6  7  8 |
---------------+-------------------------+-----
Fighting       | 4 5 6 |  6.9
Axes           | 4 5 6 |  6.8
Armour         | 3 4 5 6 |  6.2
Shields        | 1 2 3 4 5 |  5.4
Dodging        | 3 4 5 |  5.7

Action                     |  1- 3 |  4- 6 |  7- 9 || total
---------------------------+-------+-------+-------++-------
  Melee: Hand axe          |   110 |    41 |    54 ||   205
         Headbutt          |     7 |    10 |    12 ||    29
         War axe           |       |       |    20 ||    20
 Invoke: Berserk           |       |     2 |     4 ||     6
 Armour: Animal skin       |     6 |       |       ||     6
         Ring mail         |    23 |     2 |       ||    25
         Scale mail        |       |    10 |    30 ||    40
  Dodge: Dodged            |    57 |    21 |    27 ||   105
  Block: Kite shield       |    24 |     8 |    38 ||    70
